 Dungeon Crawl Stone Soup version 0.31-a0-163-gb40cd77e26 (webtiles) character file.

Game seed: 12364187088878626738

99 qw the Shooter (level 4, -2/40 HPs)
             Began as a Naga Hunter on June 13, 2023.
             Slain by a hobgoblin (5 damage)
             ... led by Robin
             ... on level 3 of the Dungeon.
             The game lasted 00:00:44 (2226 turns).

qw the Shooter (Naga Hunter)                        Turns: 2226, Time: 00:00:44

Health: -2/40      AC:  2    Str: 14    XL:     4   Next: 72%
Magic:  4/4        EV:  9    Int:  9    God:
Gold:   99         SH:  0    Dex: 16    Spells: 3/3 levels left

rFire   . . .        Y - +0 shortbow
rCold   . . .        (shield currently unavailable)
rNeg    . . .        c - +0 leather armour
rPois   +            (no helmet)
rElec   .            (no cloak)
rCorr   .            (no gloves)
SInv    +            (no barding)
Will    .....        f - amulet of the acrobat
Stlth   ++           (no ring)
HPRegen 0.26/turn    (no ring)
MPRegen 0.09/turn

%: acrobat
@: short of breath, very slow
A: AC +1, large, see invisible, deformed body, poison resistance, slowness 2,
spit poison 1, naga tail 1
a: Spit Poison


You were on level 3 of the Dungeon.
You visited 1 branch of the dungeon, and saw 3 of its levels.

You collected 99 gold pieces.


Innate Abilities, Weirdness & Mutations

Your serpentine skin is tough. (AC +1)
You have supernaturally acute eyesight. (SInv)
Armour fits poorly on your strangely shaped body.
Your system is resistant to poisons. (rPois)
You cover ground very slowly.
You can spit poison.
You have a snake-like lower body.


   Skills:
 + Level 2.9 Fighting
 - Level 5.0 Ranged Weapons
 - Level 1.5 Dodging
 - Level 1.5 Stealth


You had 3 spell levels left.
You didn't know any spells.
Your spell library was empty.

Inventory:

Hand Weapons
 Y - a +0 shortbow (weapon)
Armour
 c - a +0 leather armour (worn)
Jewellery
 e - a +5 ring of evasion
 f - an amulet of the acrobat (around neck)
Scrolls
 a - a scroll of identify
 d - a scroll of revelation {unknown}
Potions
 b - a potion of curing
 g - a potion of attraction {unknown}
 h - a potion of might {unknown}

Dungeon Overview and Level Annotations

Branches:
Dungeon (3/15)

Altars:

Annotations:
D:2 1 runed translucent door, Crazy Yiuf


Message History

You shoot an arrow. The arrow hits the hobgoblin!
You kill the hobgoblin!
You have got your breath back.
2219 ||| INVOKING Spit Poison.
Aiming: Spit Poison (1% risk of failure)
Press: ? - help, Shift-Dir - straight line, f - goblin The splash of poison hits the goblin!
You kill the goblin!
You shoot an arrow. The arrow barely misses Robin.
Robin hits you with a +0 mace.
You shoot an arrow. The arrow hits Robin!
Robin is heavily wounded.
Robin roars a battlecry!
Robin hits you with a +0 mace.
A hobgoblin comes into view.
You shoot an arrow. The arrow hits Robin.
Robin is almost dead.
You have got your breath back.
Robin hits you with a +0 mace.
2223 ||| INVOKING Spit Poison.
Aiming: Spit Poison (1% risk of failure)
Press: ? - help, Shift-Dir - straight line, f/p - Robin The splash of poison hits Robin.
You kill Robin!
The goblin no longer looks unusually strong.
The goblin unwields a +0 club.
The goblin wields a +0 sling.
The goblin shoots a sling bullet.
The sling bullet hits you.
You shoot an arrow. The arrow closely misses the goblin.
The goblin closely misses you.
You shoot an arrow. The arrow hits the goblin!
You kill the goblin!
You have got your breath back.
2226 ||| INVOKING Spit Poison.
Aiming: Spit Poison (1% risk of failure)
Press: ? - help, Shift-Dir - straight line, f - hobgoblin The splash of poison hits the hobgoblin.
The hobgoblin is poisoned.
The hobgoblin is almost dead.
The hobgoblin hits you.
You die...

## .# .# .# ###g####.#
.....g...# +########g.#
## #.......@#.# #.
.+####'.#.# ###.
#....#.#.# #...
#.##.#.#.### #.##
#.##.#.#...# #.#
#....#.#...# #.#
.+####'.#...# #.#
#........#...#########.#
+########'............(##


You could see a hobgoblin (strong, poisoned).

Vanquished Creatures
  Robin (D:3)
  3 adders
  4 worms
  2 dart slugs
  4 ball pythons
  5 bats
  A giant cockroach (D:3)
  5 hobgoblins
  3 quokkas
  9 goblins
  4 kobolds
  6 rats
47 creatures vanquished.

Notes
Turn   | Place    | Note
-------+----------+-------------------------------------------
     0 | D:1      | qw the Naga Hunter began the quest for the Orb.
     0 | D:1      | Reached XP level 1. HP: 19/19 MP: 1/1
     0 | D:1      | 0 ||| qw: Version: 0.2-a-29-gc1b59c4
     0 | D:1      | 0 ||| qw: Game counter: 4448
     0 | D:1      | 0 ||| qw: Always use a shield: true
     0 | D:1      | 0 ||| qw: God list: Okawaru
     0 | D:1      | 0 ||| qw: Allow faded altars: false
     0 | D:1      | 0 ||| qw: Do Orc after D:15 true
     0 | D:1      | 0 ||| qw: Do second Lair branch before Depths: true
     0 | D:1      | 0 ||| qw: Lair rune preference: random
     0 | D:1      | 0 ||| qw: Plans: Normal
     0 | D:1      | 0 ||| PLANNING D:1-11
    14 | D:1      | 14 ||| FLEEEEING.
    47 | D:1      | 47 ||| INVOKING Spit Poison.
    86 | D:1      | 86 ||| INVOKING Spit Poison.
    90 | D:1      | 90 ||| INVOKING Spit Poison.
    95 | D:1      | 95 ||| INVOKING Spit Poison.
   100 | D:1      | Reached skill level 4 in Ranged Weapons
   100 | D:1      | Reached XP level 2. HP: 25/26 MP: 2/2
   106 | D:1      | 106 ||| INVOKING Spit Poison.
   125 | D:1      | 125 ||| INVOKING Spit Poison.
   215 | D:1      | 215 ||| INVOKING Spit Poison.
   283 | D:1      | 283 ||| INVOKING Spit Poison.
   298 | D:1      | 298 ||| INVOKING Spit Poison.
   378 | D:1      | 378 ||| INVOKING Spit Poison.
   507 | D:1      | 507 ||| INVOKING Spit Poison.
   580 | D:1      | 580 ||| UPGRADING to amulet of the acrobat.
   585 | D:1      | 585 ||| READING 2 scrolls labelled XIKHUMIEV.
   586 | D:1      | 586 ||| READING scroll labelled FEUFFU QOAT WISMA.
   587 | D:1      | 587 ||| DROPPING scroll of butterflies.
   611 | D:2      | 611 ||| INVOKING Spit Poison.
   737 | D:2      | 737 ||| FLEEEEING.
   738 | D:2      | 738 ||| FLEEEEING.
   739 | D:2      | 739 ||| STAIRDANCE
   741 | D:1      | 741 ||| INVOKING Spit Poison.
   744 | D:1      | 744 ||| INVOKING Spit Poison.
   770 | D:1      | 770 ||| DRINKING 2 murky blue potions.
   771 | D:1      | 771 ||| READING 2 scrolls of identify.
   771 | D:1      | 771 ||| IDENTIFYING orange potion
   772 | D:1      | 772 ||| DROPPING potion of enlightenment.
   775 | D:2      | 775 ||| INVOKING Spit Poison.
   777 | D:2      | 777 ||| STAIRDANCE
   780 | D:1      | 780 ||| INVOKING Spit Poison.
   783 | D:1      | Reached XP level 3. HP: 26/32 MP: 3/3
   807 | D:2      | 807 ||| INVOKING Spit Poison.
   810 | D:2      | 810 ||| INVOKING Spit Poison.
   889 | D:2      | Found a runed translucent door.
   890 | D:2      | Noticed Crazy Yiuf
  1053 | D:2      | 1053 ||| INVOKING Spit Poison.
  1085 | D:2      | 1085 ||| INVOKING Spit Poison.
  1117 | D:2      | Found a faded altar of an unknown god.
  1141 | D:2      | 1141 ||| INVOKING Spit Poison.
  1239 | D:2      | 1239 ||| INVOKING Spit Poison.
  1501 | D:2      | 1501 ||| READING scroll labelled IDDIJARANY.
  1585 | D:2      | 1585 ||| DRINKING 2 metallic white potions.
  1624 | D:2      | 1624 ||| DROPPING potion of lignification.
  1678 | D:3      | 1678 ||| INVOKING Spit Poison.
  1702 | D:3      | 1702 ||| INVOKING Spit Poison.
  1707 | D:3      | 1707 ||| INVOKING Spit Poison.
  1710 | D:3      | 1710 ||| INVOKING Spit Poison.
  1715 | D:3      | 1715 ||| INVOKING Spit Poison.
  1735 | D:3      | 1735 ||| INVOKING Spit Poison.
  1736 | D:3      | Reached skill level 5 in Ranged Weapons
  1736 | D:3      | Reached XP level 4. HP: 39/39 MP: 4/4
  1775 | D:3      | 1775 ||| INVOKING Spit Poison.
  1784 | D:3      | 1784 ||| INVOKING Spit Poison.
  1793 | D:3      | 1793 ||| INVOKING Spit Poison.
  1799 | D:3      | 1799 ||| INVOKING Spit Poison.
  1808 | D:3      | 1808 ||| INVOKING Spit Poison.
  1963 | D:3      | 1963 ||| INVOKING Spit Poison.
  1999 | D:3      | 1999 ||| INVOKING Spit Poison.
  2003 | D:3      | 2003 ||| INVOKING Spit Poison.
  2048 | D:3      | 2048 ||| INVOKING Spit Poison.
  2130 | D:3      | 2130 ||| INVOKING Spit Poison.
  2200 | D:3      | 2200 ||| INVOKING Spit Poison.
  2203 | D:3      | Noticed Robin
  2204 | D:3      | 2204 ||| Stepping ~*~*~tactically~*~*~ (outnumbered).
  2205 | D:3      | 2205 ||| INVOKING Spit Poison.
  2211 | D:3      | 2211 ||| INVOKING Spit Poison.
  2215 | D:3      | 2215 ||| INVOKING Spit Poison.
  2219 | D:3      | 2219 ||| INVOKING Spit Poison.
  2221 | D:3      | HP: 6/40 [Robin/+0 mace (6)]
  2223 | D:3      | 2223 ||| INVOKING Spit Poison.
  2223 | D:3      | Killed Robin
  2223 | D:3      | HP: 2/40 [goblin/sling bullet[Robin] (2)]
  2226 | D:3      | 2226 ||| INVOKING Spit Poison.
  2226 | D:3      | Slain by a hobgoblin

Levels and vault maps discovered:
D:1:      spicycebolla_green_bress_n_ham_2, layout_basic
D:2:      layout_loops_ring, dreamdust_ecumenical_altar_statues, nrook_uturn,
          uniq_crazy_yiuf_cottage
D:3:      wad_pebble_path, layout_basic, minivault_11, serial_bayou_lagoon_b,
          uniq_robin

Skill      XL: |  1  2  3 |
---------------+----------+-----
Ranged Weapons | 4 5 |  5.0
Fighting       | |  2.9
Dodging        | |  1.5
Stealth        | |  1.5

Action                     |  1- 3 |  4- 6 || total
---------------------------+-------+-------++-------
   Fire: Shortbow          |    57 |    42 ||    99
Ability: Spit Poison       |    28 |    17 ||    45
    Use: Scroll            |     4 |       ||     4
         Potion            |     2 |       ||     2
 Armour: Leather armour    |     8 |     1 ||     9
  Dodge: Dodged            |    25 |    13 ||    38

Table legend:
 A = Non-vault XP
 B = Vault XP
 C = Vault XP percentage of total XP
 D = Non-vault monster count
 E = Vault monster count
 F = Vault count percentage of total count
                 A         B        C        D         E       F
            +---------+---------+-------+---------+---------+-------
      Total |     112 |      30 |  21.1 |      38 |       9 |  19.1
            +---------+---------+-------+---------+---------+-------
        D:1 |      38 |       0 |   0.0 |      15 |       0 |   0.0
        D:2 |      18 |       0 |   0.0 |       8 |       0 |   0.0
        D:3 |      56 |      30 |  34.9 |      15 |       9 |  37.5
            +---------+---------+-------+---------+---------+-------
